AoeStats
← Caniche

Nomad

508064871Analyzed
3v3 RM · 11d ago on Sep 20, 2026· 54m 26s· 6 players
Game mode
Random Map
Map size
210×210
Population
200
Speed
Normal
Resources
Standard
Victory
Conquest
Starting age
Dark Age
Ending age
Imperial Age
RankedLock teamsTeams togetherTeam positionsShared explorationLock speedFull tech treeHidden civsTurbo modeCheats
Victory
Defeat
🇩🇪 Persians · Germany
1458
+19
🇩🇪 Dravidians · Germany
1426
+20
🇩🇪 Chinese · Germany
1403
+21
🇦🇷 Bohemians · Argentina
1545
-20
🇦🇷 Ethiopians · Argentina
1543
-21
🇦🇷 Spanish · Argentina
1481
-19
Rodilla de Bronce
4:54 Loom
12:16 Feudal Age
12:47 Double-Bit Axe
17:11 Town Watch
20:13 Castle Age
18:56 Fletching
21:12 Medium Warships
21:03 Bodkin Arrow
23:47 Wheelbarrow
25:23 Fishing Lines
27:27 Gillnets
28:21 Horse Collar
29:41 Hand Cart
30:58 Bow Saw
34:59 Imperial Age
34:50 Gold Mining
35:58 Ballistics
36:42 Chemistry
35:45 Bracer
35:43 Stone Mining
36:57 Two-Man Saw
36:33 Padded Archer Armor
37:46 Heavy Warships
37:41 Thumb Ring
38:41 Scale Mail Armor
39:31 Gold Shaft Mining
39:05 Squires
39:23 Halberdier
40:18 Heavy Cavalry Archer
44:59 Chain Mail Armor
45:00 Leather Archer Armor
44:55 Forging
47:42 Conscription
53:13 Plate Mail Armor
53:14 Ring Archer Armor
Caniche
4:41 Loom
12:08 Feudal Age
15:35 Forging
23:18 Castle Age
22:31 Scale Barding Armor
25:49 Chemistry
45:53 Double-Bit Axe
47:09 Bow Saw
46:55 Horse Collar
48:37 Wheelbarrow
51:15 Imperial Age
49:17 Fletching
51:11 Hand Cart
51:49 Masonry
53:00 Conscription
La Bestia
2:56 Loom
12:58 Feudal Age
17:01 Castle Age
15:14 Double-Bit Axe
15:52 Stone Mining
16:15 Gold Mining
17:58 Fletching
19:01 Padded Archer Armor
18:49 Horse Collar
36:53 Heavy Plow
teddy
5:15 Loom
12:32 Feudal Age
19:17 Castle Age
18:31 Gold Mining
20:22 Wheelbarrow
19:59 Fletching
22:25 Medium Warships
27:46 Elite Skirmisher
31:35 Bodkin Arrow
33:55 Horse Collar
34:02 Double-Bit Axe
35:45 Ballistics
41:15 Imperial Age
39:06 Padded Archer Armor
39:21 Bow Saw
40:51 Heavy Plow
42:21 Leather Archer Armor
43:50 Two-Man Saw
43:25 Bracer
43:55 Ring Archer Armor
44:23 Conscription
45:24 Hand Cart
46:21 Ring Archer Armor
46:44 Town Watch
49:23 Chemistry
49:04 Stone Mining
50:18 Hoardings
50:34 Elite Elephant Archer
53:13 Wootz Steel
53:03 Medical Corps
53:40 Masonry
54:27 Forging
54:23 Scale Barding Armor
antrophognos
5:26 Loom
12:21 Feudal Age
16:54 Castle Age
22:45 Double-Bit Axe
23:56 Wheelbarrow
23:19 Horse Collar
26:17 Bloodlines
27:07 Husbandry
28:08 Scale Barding Armor
29:36 Town Watch
30:06 Hand Cart
34:43 Imperial Age
32:24 Gold Mining
32:46 Bow Saw
34:07 Forging
34:19 Cavalier
35:23 Chain Barding Armor
35:35 Stone Mining
36:24 Gold Shaft Mining
35:50 Savar
37:07 Plate Barding Armor
38:18 Iron Casting
38:02 Light Cavalry
42:10 Blast Furnace
41:48 Hussar
43:34 Conscription
49:28 Coinage
51:49 Town Patrol
frey_tag
3:06 Loom
13:29 Feudal Age
18:58 Castle Age
27:04 Fletching
36:50 Bodkin Arrow
48:22 Padded Archer Armor
49:08 Double-Bit Axe
49:04 Horse Collar
51:38 Leather Archer Armor
56:43 Imperial Age
Connection lost

Rejoining the realm…

Still unreachable

The connection could not be restored.

Session expired

The server has moved on; the page needs a fresh start.